Map: Ley Lines

Players

Killa - Winner!

  • Race: Protoss Protoss
  • League: Grandmaster
  • Spawn Location: 1:00

FigelBarage

  • Race: Terran Terran
  • League: Master
  • Spawn Location: 7:00

VOD

Have the link to the VOD?

Description

Time

  • Played on: July 15, 2025, 4:59 a.m.
  • Length: 14:19
Show
View Real Time Build Order
Export as new Build Order

Killa Protoss - Winner!

Build Orders: 1 Gate Expand, Phoenix Opening, Blink Stalkers 

Get SALT Encoding   

  12  0:00  Probe  
  13  0:12  Probe  
  14  0:17  Pylon  
  14  0:23  Probe  
  15  0:31  Probe  
  16  0:38  Gateway  
  16  0:39  Probe  
  16  0:46  Assimilator  
  17  0:51  Probe  
  18  1:03  Probe  
  19  1:17  Probe  
  20  1:22  Nexus  
  20  1:32  Cybernetics Core  
  20  1:35  Probe  
  21  1:43  Pylon  
  21  1:47  Probe  
  21  1:50  Assimilator  
  22  1:58  Adept  
  22  1:59  Probe  
  25  2:09  Warp Gate  
  25  2:12  Probe  
  26  2:24  Probe  
  26  2:29  Twilight Council  
  27  2:36  Probe x2  
  28  2:44  Sentry  
  28  2:45  Probe  
  28  2:46  Probe  
  28  2:47  Phoenix  
  32  2:51  Gateway  
  32  2:53  Probe  
  32  2:54  Probe  
  34  3:02  Probe  
  34  3:03  Probe  
  36  3:15  Probe, Blink  
  36  3:16  Probe  
  38  3:21  Gateway  
  38  3:27  Probe  
  39  3:28  Probe  
  39  3:30  Robotics Facility  
  40  3:39  Probe  
  40  3:40  Probe  
  42  3:42  Assimilator  
  42  3:43  Pylon  
  42  3:51  Probe  
  42  3:52  Probe  
  44  3:58  Stalker  
  46  4:03  Probe, Stalker  
  46  4:09  Probe  
  50  4:12  Nexus, Observer  
  50  4:13  Pylon  
  50  4:21  Shield Battery  
  50  4:22  Stalker  
  50  4:23  Immortal  
  53  4:28  Probe  
  53  4:31  Probe  
  55  4:37  Pylon  
  59  4:39  Shield Battery  
  59  4:45  Stalker  
  61  4:54  Probe  
  61  4:55  Probe  
  61  4:57  Stalker x2  
  67  5:04  Pylon  
  67  5:06  Probe  
  68  5:10  Adept  
  70  5:21  Pylon, Observer  
  70  5:22  Probe  
  70  5:24  Adept x2  
  70  5:26  Probe  
  70  5:27  Probe  
  78  5:34  Robotics Bay, Probe  
  79  5:36  Forge  
  79  5:38  Forge  
  79  5:39  Probe x2  
  79  5:46  Probe  
  79  5:47  Gateway  
  78  5:52  Charge  
  78  5:53  Probe x2  
  80  5:58  Probe, Protoss Ground Weapons Level 1, Protoss Ground Armor Level 1  
  81  6:05  Probe x2, Gateway  
  81  6:06  Gateway  
  81  6:09  Gateway  
  83  6:15  Probe  
  83  6:17  Probe  
  85  6:18  Gateway  
  85  6:23  Gateway  
  85  6:25  Assimilator, Colossus, Probe  
  86  6:27  Probe  
  86  6:29  Pylon  
  82  6:47  Observer  
  82  6:48  Probe x2  
  82  6:51  Probe  
  84  7:00  Probe x2, Extended Thermal Lance  
  86  7:03  Probe  
  87  7:11  Stalker x5  
  87  7:12  Probe x2  
  100  7:15  Probe  
  100  7:20  Zealot x2  
  100  7:21  Zealot x2  
  108  7:28  Observer  
  108  7:42  Probe  
  109  7:44  Pylon  
  109  7:45  Nexus  
  109  7:46  Pylon x2  
  109  7:48  Pylon  
  109  7:49  Colossus  
  109  7:50  Pylon  
  109  7:52  Shield Battery  
  109  7:58  Pylon, Observer  
  109  7:59  Robotics Facility  
  109  8:02  Probe x3  
  118  8:10  Shield Battery  
  118  8:12  Stalker x3, Pylon  
  120  8:14  Probe  
  125  8:21  Stalker x3  
  125  8:25  Shield Battery  
  130  8:28  Zealot x3  
  135  8:41  Protoss Ground Armor Level 2, Colossus  
  135  8:48  Zealot x4  
  149  8:49  Observer  
  147  9:06  Probe x3  
  149  9:11  Stalker x5  
  149  9:13  Probe  
  155  9:18  Probe  
  155  9:22  Zealot x4  
  164  9:27  Warp Prism  
  164  9:30  Probe x2  
  168  9:33  Pylon  
  164  9:40  Zealot x4  
  164  9:44  Probe x2  
  174  9:47  Pylon  
  136  10:01  Zealot x8  
  126  10:14  Stalker  
  126  10:16  Probe x3  
  129  10:26  Zealot x8  
  129  10:27  Disruptor  
  149  10:29  Probe, Disruptor  
  149  10:33  Probe x2  
  154  10:38  Observer  
  154  10:50  Zealot x6  
  154  10:53  Disruptor  
  154  10:57  Disruptor  
  170  11:13  Zealot x6  
  170  11:14  Zealot x2  
  186  11:30  Nexus  
  186  11:32  Disruptor, Pylon  
  188  11:42  Zealot x5  
  171  11:57  Zealot x4  
  177  12:02  Forge  
  177  12:03  Forge  
  177  12:05  Probe  
  177  12:07  Stalker x5  
  188  12:19  Probe x3  
  191  12:24  Robotics Facility  
  156  13:07  Zealot x3  
  156  13:08  Zealot x2  
  156  13:09  Zealot x4  
  156  13:11  Disruptor  
  176  13:15  Probe x2  
  176  13:18  Probe x2  
  165  13:39  Zealot x9  
  179  14:05  Zealot x6  
  179  14:06  Zealot x3  
Show
View Real Time Build Order
Export as new Build Order

FigelBarage Terran 

Build Orders: Reaper Expand 

Get SALT Encoding   

  12  0:00  SCV  
  13  0:12  SCV  
  14  0:17  Supply Depot  
  14  0:24  SCV  
  15  0:39  SCV  
  15  0:41  Barracks  
  16  0:44  Refinery  
  16  0:51  SCV  
  17  1:03  SCV  
  18  1:15  SCV  
  19  1:28  Orbital Command, Reaper  
  20  1:42  Command Center  
  20  1:54  SCV  
  22  2:01  Supply Depot  
  22  2:03  Barracks Reactor  
  22  2:06  SCV  
  22  2:11  Barracks  
  22  2:19  SCV  
  23  2:28  Barracks  
  23  2:31  SCV  
  24  2:39  Marine x2  
  26  2:45  SCV  
  26  2:50  Bunker  
  27  2:57  Marine x2, SCV  
  30  2:59  Barracks Tech Lab  
  30  3:01  Orbital Command  
  30  3:09  SCV  
  31  3:15  Marine x2  
  31  3:16  Barracks Tech Lab  
  33  3:20  Stimpack, Marine  
  33  3:21  SCV  
  33  3:25  Supply Depot  
  35  3:28  SCV  
  36  3:34  Marine x2, Combat Shield  
  36  3:36  Marine  
  36  3:38  SCV  
  36  3:40  SCV  
  41  3:44  Engineering Bay  
  41  3:47  Refinery  
  41  3:51  SCV, Refinery  
  41  3:53  Marine  
  43  3:58  Marine x3  
  43  4:00  SCV  
  46  4:03  SCV  
  46  4:05  Supply Depot  
  47  4:11  Terran Infantry Weapons Level 1  
  47  4:13  SCV  
  47  4:15  SCV  
  47  4:16  Marine, Supply Depot  
  50  4:17  Marine  
  50  4:21  Marauder  
  53  4:27  Marauder  
  53  4:30  SCV x2  
  57  4:35  Supply Depot  
  57  4:39  Marine, Supply Depot  
  57  4:40  Marine  
  57  4:42  SCV  
  57  4:43  SCV  
  61  4:48  Factory  
  61  4:54  SCV  
  61  4:55  SCV  
  61  4:57  Marauder x2  
  67  5:02  Supply Depot  
  67  5:06  SCV  
  68  5:07  Marine x2, SCV  
  70  5:15  Refinery  
  70  5:17  Concussive Shells  
  70  5:18  SCV  
  70  5:19  SCV, Marauder  
  70  5:20  Marauder  
  76  5:25  Marine  
  76  5:33  Marine  
  76  5:35  Factory Reactor  
  72  5:36  Starport  
  72  5:37  SCV  
  72  5:40  Marauder  
  72  5:42  Marine, Marauder  
  67  5:50  SCV x2, Supply Depot  
  67  5:52  Supply Depot  
  67  5:54  Marine  
  68  6:01  Marauder  
  68  6:02  SCV  
  68  6:03  Command Center  
  71  6:05  Marauder  
  71  6:06  Marine  
  71  6:08  SCV  
  75  6:14  SCV  
  76  6:20  Medivac x2  
  76  6:21  Factory Tech Lab, Marine  
  76  6:23  SCV, Marauder  
  84  6:26  SCV  
  84  6:28  Marine  
  84  6:29  Supply Depot  
  84  6:30  Marauder  
  88  6:35  SCV  
  84  6:51  Marine x2, Medivac, Marauder x2  
  84  6:52  Medivac  
  84  6:53  Siege Tank  
  89  7:01  Terran Infantry Armor Level 1  
  89  7:03  Armory  
  89  7:04  Engineering Bay, Supply Depot  
  89  7:05  SCV  
  89  7:06  SCV  
  91  7:12  Barracks  
  91  7:17  Marine, Barracks  
  91  7:18  Marine, Marauder  
  91  7:22  Marauder  
  97  7:24  Medivac  
  97  7:25  SCV  
  100  7:35  Marine x2  
  100  7:39  Siege Tank, Medivac, Marauder  
  100  7:43  Marauder  
  109  7:46  Orbital Command  
  109  7:50  SCV x2  
  111  7:53  Marine  
  111  7:57  Marine  
  113  7:58  Terran Infantry Weapons Level 2  
  113  8:01  Marauder  
  113  8:02  Barracks Tech Lab  
  113  8:03  Refinery  
  113  8:05  Marauder, Barracks Reactor  
  117  8:07  Viking  
  117  8:08  SCV x2  
  117  8:11  Marine  
  122  8:13  SCV  
  123  8:20  SCV  
  123  8:21  Marine, Marauder  
  123  8:22  Marauder  
  123  8:26  Marauder  
  131  8:29  Marine  
  132  8:39  Marine, Viking x2  
  132  8:40  SCV x3  
  139  8:43  Marauder  
  139  8:47  Missile Turret  
  139  8:48  Marine x3, Marauder x2  
  148  8:49  Supply Depot  
  148  8:51  Supply Depot  
  148  8:57  Marine  
  147  9:04  Siege Tank, Marauder  
  147  9:06  Marine x3  
  149  9:10  Marauder x2  
  149  9:15  Marine  
  150  9:19  Barracks x2  
  150  9:23  Barracks  
  150  9:24  Marine  
  142  9:26  Marauder  
  142  9:27  Command Center  
  146  9:31  Marauder  
  146  9:32  Marine x2  
  146  9:33  Viking, Refinery  
  146  9:34  Starport  
  148  9:39  Marine  
  148  9:40  Marauder  
  148  9:41  Marine  
  152  9:46  Marine  
  144  9:53  Marine, Marauder  
  144  9:56  Marine  
  144  9:57  Marine  
  144  9:59  Marine  
  129  10:01  Marauder  
  129  10:02  SCV  
  129  10:03  SCV  
  129  10:05  Marauder  
  114  10:10  SCV  
  114  10:13  Barracks Tech Lab  
  113  10:14  Marauder  
  113  10:15  SCV x2  
  113  10:16  Barracks Tech Lab  
  113  10:19  Marine x4  
  121  10:22  Marauder  
  121  10:23  SCV  
  121  10:26  Marine  
  121  10:27  Marine  
  121  10:28  Siege Tank, Viking  
  129  10:32  Marauder  
  129  10:36  Marauder  
  129  10:37  Marine x2  
  129  10:38  Terran Infantry Armor Level 2, Terran Infantry Weapons Level 3  
  129  10:41  Starport Reactor  
  133  10:44  Marauder, Fusion Core  
  133  10:45  Planetary Fortress  
  135  10:53  Marine x2  
  135  10:54  Marauder x2  
  141  10:59  Marine x2, Marauder x2  
  147  11:09  Marauder  
  147  11:10  Viking x2, Missile Turret  
  154  11:11  Marine  
  154  11:12  Barracks Reactor  
  154  11:15  Marauder  
  154  11:17  Marine x2, Siege Tank  
  161  11:19  Liberator  
  161  11:20  Liberator  
  165  11:30  Marine x3  
  168  11:34  Advanced Ballistics  
  163  11:49  Marine x4, Marauder x3  
  163  11:50  Viking x2  
  172  11:55  Marine x2, Marauder x2  
  176  12:08  Marine x3, Liberator x2  
  174  12:14  Refinery  
  174  12:15  Command Center  
  180  12:27  Supply Depot  
  180  12:28  Supply Depot x2  
  180  12:30  Supply Depot  
  180  12:40  Marine  
  180  12:49  Marine x7, Medivac x2  
  180  13:19  Marine x2  
  173  13:20  Marine, Marauder x2  
  169  13:32  Command Center  
  165  13:38  Command Center x2  
  165  13:39  Marine  
  165  13:40  Marine x8  
  165  13:41  Marine x2  
  182  13:48  Missile Turret  
  182  13:52  Missile Turret  
  157  13:57  Marine x3  
  157  13:59  SCV x2  
  157  14:00  SCV  
Tags
 
Add a new tag
Caveats
  • Supply blocks, unpowered buildings, or Contaminate may cause inaccurate times.
  • Supply counts are checked every 10 seconds.